TOP OF THE 1ST |
Pompano Beach Stingrays batting - Pitching for Tampa Pirates : RHP Derek Botelho
|
Pitching: RHP Derek Botelho
|
|
Batting: RHB Jorge Villalobos
|
0-0: Ball 1-0: Foul Ball, location: 2F 1-1: Foul Ball, location: 2F 1-2: Strikes out swinging
|
Batting: SHB Gene Roof
|
0-0: Ball 1-0: Ball 2-0: Swinging Strike 2-1: Foul Ball, location: 2F 2-2: Foul Ball, location: 2F 2-2: Ball 3-2: Strikes out swinging
|
Batting: RHB Lance Junker
|
0-0: Called Strike 0-1: Called Strike 0-2: Fly out, F7 (Flyball, 7LS, EV 83.8 MPH)
|
Top of the 1st over - 0 runs, 0 hits, 0 errors, 0 left on base; Pompano Beach 0 - Tampa 0 |
BOTTOM OF THE 1ST |
Tampa Pirates batting - Pitching for Pompano Beach Stingrays : RHP Steven Viskas
|
Pitching: RHP Steven Viskas
|
|
Batting: LHB Reggie West
|
0-0: Ground out 4-3 (Groundball, 4M, EV 100.0 MPH)
|
Batting: SHB Gary Springer
|
0-0: Called Strike 0-1: Called Strike 0-2: Strikes out swinging
|
Batting: LHB David Frederick
|
0-0: Ball 1-0: Ball 2-0: Ball 3-0: Base on Balls
|
Batting: LHB Alfredo Rodriguez
|
0-0: Fly out, F9 (Line Drive, 89M, EV 91.9 MPH)
|
Bottom of the 1st over - 0 runs, 0 hits, 0 errors, 1 left on base; Pompano Beach 0 - Tampa 0 |
TOP OF THE 2ND |
Pompano Beach Stingrays batting - Pitching for Tampa Pirates : RHP Derek Botelho
|
Batting: RHB Mark Strucher
|
0-0: Ball 1-0: Fly out, F7 (Line Drive, 7, EV 90.6 MPH)
|
Batting: SHB Juan Molina
|
0-0: Called Strike 0-1: Swinging Strike 0-2: Ball 1-2: Ball 2-2: Foul Ball, location: 2F 2-2: Ball 3-2: Ground out U3 (Groundball, 34S, EV 86.3 MPH)
|
Batting: SHB Maury Ornest
|
0-0: Ball 1-0: Ball 2-0: Called Strike 2-1: Swinging Strike 2-2: Strikes out looking
|
Top of the 2nd over - 0 runs, 0 hits, 0 errors, 0 left on base; Pompano Beach 0 - Tampa 0 |
BOTTOM OF THE 2ND |
Tampa Pirates batting - Pitching for Pompano Beach Stingrays : RHP Steven Viskas
|
Batting: RHB Ricky Jones
|
0-0: Foul Ball, location: 2F 0-1: Fly out, F5 (Popup, 15S, EV 87.5 MPH)
|
Batting: RHB Dale Eiler
|
0-0: Foul Ball, location: 2F 0-1: Foul Ball, location: 2F 0-2: Ground out 6-3 (Groundball, 6, EV 99.4 MPH)
|
Batting: RHB Drungo Hazewood
|
0-0: Called Strike 0-1: Ball 1-1: Ball 2-1: Ball 3-1: Swinging Strike 3-2: Strikes out swinging
|
Bottom of the 2nd over - 0 runs, 0 hits, 0 errors, 0 left on base; Pompano Beach 0 - Tampa 0 |
TOP OF THE 3RD |
Pompano Beach Stingrays batting - Pitching for Tampa Pirates : RHP Derek Botelho
|
Batting: RHB Whitney Harry
|
0-0: Ground out 6-3 (Groundball, 6, EV 88.1 MPH)
|
Batting: RHB William Waag
|
0-0: Ball 1-0: Swinging Strike 1-1: DOUBLE (Line Drive, 89D, EV 111.9 MPH)
|
Batting: RHB Edward Lowery
|
0-0: Ball 1-0: Fly out, F6 (Popup, 4M, EV 75.6 MPH)
|
Batting: RHB Jorge Villalobos
|
0-0: Foul Ball, location: 2F 0-1: Called Strike 0-2: Ball 1-2: Ball 2-2: Fly out, F8 (Line Drive, 8RM, EV 91.9 MPH)
|
Top of the 3rd over - 0 runs, 1 hit, 0 errors, 1 left on base; Pompano Beach 0 - Tampa 0 |
BOTTOM OF THE 3RD |
Tampa Pirates batting - Pitching for Pompano Beach Stingrays : RHP Steven Viskas
|
Batting: RHB Erwin Bryant
|
0-0: Called Strike 0-1: Ball 1-1: Called Strike 1-2: Foul Ball, location: 2F 1-2: Strikes out looking
|
Batting: RHB Roy Dixon
|
0-0: Ball 1-0: SINGLE (Line Drive, 89M, EV 108.1 MPH)
|
Batting: LHB Reggie West
|
0-0: Called Strike 0-1: Ball 1-1: Ball 2-1: Fly out, F7 (Line Drive, 7S, EV 99.4 MPH)
|
Batting: SHB Gary Springer
|
0-0: Ball 1-0: Foul Ball, location: 2F 1-1: SINGLE (Flyball, 8LS, EV 93.1 MPH) Roy Dixon to second
|
Batting: LHB David Frederick
|
0-0: 3-RUN HOME RUN (Flyball, 9LD, EV 96.9 MPH), Distance : 347 ft
|
Batting: LHB Alfredo Rodriguez
|
0-0: Foul Ball, location: 2F 0-1: Ball 1-1: Ball 2-1: Ball 3-1: Base on Balls
|
Batting: RHB Ricky Jones
|
0-0: Called Strike 0-1: Ball 1-1: Swinging Strike 1-2: Ball 2-2: Strikes out swinging
|
Bottom of the 3rd over - 3 runs, 3 hits, 0 errors, 1 left on base; Pompano Beach 0 - Tampa 3 |
TOP OF THE 4TH |
Pompano Beach Stingrays batting - Pitching for Tampa Pirates : RHP Derek Botelho
|
Batting: SHB Gene Roof
|
0-0: Swinging Strike 0-1: Ball 1-1: Ball 2-1: Ball 3-1: Foul Ball, location: 2F 3-2: Base on Balls
|
Batting: RHB Lance Junker
|
0-0: Grounds into double play, 5-4-3 (Groundball, 5, EV 111.3 MPH)
|
Batting: RHB Mark Strucher
|
0-0: Called Strike 0-1: Swinging Strike 0-2: Ball 1-2: Fly out, F8 (Line Drive, 8LD, EV 99.4 MPH)
|
Top of the 4th over - 0 runs, 0 hits, 0 errors, 0 left on base; Pompano Beach 0 - Tampa 3 |
BOTTOM OF THE 4TH |
Tampa Pirates batting - Pitching for Pompano Beach Stingrays : RHP Steven Viskas
|
Batting: RHB Dale Eiler
|
0-0: Called Strike 0-1: Ground out U3 (Groundball, 34, EV 83.1 MPH)
|
Batting: RHB Drungo Hazewood
|
0-0: Ball 1-0: Ball 2-0: Ball 3-0: Called Strike 3-1: Base on Balls
|
Batting: RHB Erwin Bryant
|
0-0: Called Strike Drungo Hazewood steals 2nd base (no throw) 0-1: Ball Drungo Hazewood steals 3rd, throwing error, E2 Drungo Hazewood scores 1-1: Foul Ball, location: 2F 1-2: Ball 2-2: Ball 3-2: Foul Ball, location: 2F 3-2: SINGLE (Line Drive, 6MD, EV 94.4 MPH)
|
Batting: RHB Roy Dixon
|
0-0: Ball 1-0: Foul Ball, location: 2F 1-1: Swinging Strike 1-2: Strikes out swinging
|
Batting: LHB Reggie West
|
0-0: Ball 1-0: Swinging Strike 1-1: Ball 2-1: Foul Ball, location: 2F 2-2: Foul Ball, location: 2F 2-2: Ball 3-2: Base on Balls Erwin Bryant to second
|
Batting: SHB Gary Springer
|
0-0: Ball 1-0: Called Strike 1-1: Fly out, F9 (Flyball, 9LM, EV 100.6 MPH)
|
Bottom of the 4th over - 1 run, 1 hit, 1 error, 2 left on base; Pompano Beach 0 - Tampa 4 |
TOP OF THE 5TH |
Pompano Beach Stingrays batting - Pitching for Tampa Pirates : RHP Derek Botelho
|
Batting: SHB Juan Molina
|
0-0: Ball 1-0: Foul Ball, location: 2F 1-1: Ball 2-1: Foul Ball, location: 2F 2-2: Strikes out swinging
|
Batting: SHB Maury Ornest
|
0-0: Ground out U3 (Groundball, 34, EV 95.0 MPH)
|
Batting: RHB Whitney Harry
|
0-0: Ground out 4-3 (Groundball, 4, EV 103.1 MPH)
|
Top of the 5th over - 0 runs, 0 hits, 0 errors, 0 left on base; Pompano Beach 0 - Tampa 4 |
BOTTOM OF THE 5TH |
Tampa Pirates batting - Pitching for Pompano Beach Stingrays : RHP Steven Viskas
|
Batting: LHB David Frederick
|
0-0: SINGLE (Line Drive, 9S, EV 91.9 MPH)
|
Batting: LHB Alfredo Rodriguez
|
0-0: Ball 1-0: Fly out, F8 (Flyball, 78D, EV 95.6 MPH)
|
Batting: RHB Ricky Jones
|
0-0: Fly out, F9 (Flyball, 9LM, EV 85.6 MPH)
|
Batting: RHB Dale Eiler
|
0-0: Fly out, F9 (Flyball, 9D, EV 101.9 MPH)
|
Bottom of the 5th over - 0 runs, 1 hit, 0 errors, 1 left on base; Pompano Beach 0 - Tampa 4 |
TOP OF THE 6TH |
Pompano Beach Stingrays batting - Pitching for Tampa Pirates : RHP Derek Botelho
|
Batting: RHB William Waag
|
0-0: Swinging Strike 0-1: Foul Ball, location: 2F 0-2: Ball 1-2: Foul Ball, location: 2F 1-2: Ball 2-2: Ground out 5-3 (Groundball, 56, EV 101.3 MPH)
|
Batting: RHB Edward Lowery
|
0-0: Ball 1-0: Called Strike 1-1: Called Strike 1-2: Ball 2-2: SOLO HOME RUN (Flyball, 9LD, EV 101.3 MPH), Distance : 366 ft
|
Batting: RHB Jorge Villalobos
|
0-0: Ball 1-0: Foul Ball, location: 2F 1-1: Ground out 1-3 (Groundball, 25, EV 71.9 MPH)
|
Batting: SHB Gene Roof
|
0-0: Fly out, F7 (Flyball, 7, EV 88.8 MPH)
|
Top of the 6th over - 1 run, 1 hit, 0 errors, 0 left on base; Pompano Beach 1 - Tampa 4 |
BOTTOM OF THE 6TH |
Tampa Pirates batting - Pitching for Pompano Beach Stingrays : RHP Steven Viskas
|
Batting: RHB Drungo Hazewood
|
0-0: Ball 1-0: Fly out, F7 (Flyball, 78M, EV 88.8 MPH)
|
Batting: RHB Erwin Bryant
|
0-0: Ball 1-0: Foul Ball, location: 2F 1-1: Ball 2-1: Ball 3-1: Base on Balls
|
Batting: RHB Roy Dixon
|
0-0: Ball 1-0: Called Strike 1-1: Swinging Strike 1-2: Ball 2-2: Strikes out swinging
|
Batting: LHB Reggie West
|
0-0: Fielders Choice at 2nd, U4 (Groundball, 4M, EV 85.0 MPH)
|
Bottom of the 6th over - 0 runs, 0 hits, 0 errors, 1 left on base; Pompano Beach 1 - Tampa 4 |
TOP OF THE 7TH |
Pompano Beach Stingrays batting - Pitching for Tampa Pirates : RHP Derek Botelho
|
Batting: RHB Lance Junker
|
0-0: Ball 1-0: Ball 2-0: Fly out, F9 (Line Drive, 9, EV 93.1 MPH)
|
Batting: RHB Mark Strucher
|
0-0: Foul Ball, location: 2F 0-1: Ball 1-1: Ball 2-1: SINGLE (Groundball, 5S, EV 69.4 MPH) (infield hit)
|
Batting: SHB Juan Molina
|
0-0: Ball 1-0: Ball Mark Strucher steals 2nd base 2-0: Ground out 4-3 (Groundball, 4, EV 81.3 MPH) Mark Strucher to third
|
Batting: SHB Maury Ornest
|
0-0: Ground out 4-3 (Groundball, 4, EV 84.4 MPH)
|
Top of the 7th over - 0 runs, 1 hit, 0 errors, 1 left on base; Pompano Beach 1 - Tampa 4 |
BOTTOM OF THE 7TH |
Tampa Pirates batting - Pitching for Pompano Beach Stingrays : RHP Steven Viskas
|
Batting: SHB Gary Springer
|
0-0: Called Strike 0-1: Swinging Strike 0-2: Foul Ball, location: 2F 0-2: Ground out 4-3 (Groundball, 4, EV 85.6 MPH)
|
Batting: LHB David Frederick
|
0-0: Ball 1-0: Called Strike 1-1: Ball 2-1: SOLO HOME RUN (Line Drive, 9D, EV 106.9 MPH), Distance : 378 ft
|
Batting: LHB Alfredo Rodriguez
|
0-0: Ball 1-0: Called Strike 1-1: Ball 2-1: Foul Ball, location: 2F 2-2: Foul Ball, location: 2F 2-2: SINGLE (Groundball, 6MD, EV 94.4 MPH)
|
Batting: RHB Ricky Jones
|
0-0: SINGLE (Groundball, 6D, EV 106.9 MPH) Alfredo Rodriguez to second
|
Batting: RHB Dale Eiler
|
0-0: Called Strike 0-1: Ball 1-1: Fly out, F7 (Flyball, 78M, EV 82.5 MPH)
|
Batting: RHB Drungo Hazewood
|
0-0: Fly out, F8 (Flyball, 8RD, EV 78.8 MPH)
|
Bottom of the 7th over - 1 run, 3 hits, 0 errors, 2 left on base; Pompano Beach 1 - Tampa 5 |
TOP OF THE 8TH |
Pompano Beach Stingrays batting - Pitching for Tampa Pirates : RHP Derek Botelho
|
Batting: RHB Whitney Harry
|
0-0: Foul Ball, location: 2F 0-1: Ball 1-1: Ground out 6-3 (Groundball, 6, EV 97.5 MPH)
|
Batting: RHB William Waag
|
0-0: Ball 1-0: Ball 2-0: Ball 3-0: Called Strike 3-1: Ground out 4-3 (Groundball, 4M, EV 85.6 MPH)
|
Batting: RHB Edward Lowery
|
0-0: Called Strike 0-1: Ball 1-1: Ball 2-1: Foul Ball, location: 2F 2-2: Foul Ball, location: 2F 2-2: Fly out, F9 (Flyball, 9LD, EV 84.4 MPH)
|
Top of the 8th over - 0 runs, 0 hits, 0 errors, 0 left on base; Pompano Beach 1 - Tampa 5 |
BOTTOM OF THE 8TH |
Tampa Pirates batting - Pitching for Pompano Beach Stingrays : RHP Steven Viskas
|
Batting: RHB Erwin Bryant
|
0-0: Called Strike 0-1: Ground out 5-3 (Groundball, 56S, EV 68.1 MPH)
|
Batting: RHB Roy Dixon
|
0-0: Ball 1-0: Ball 2-0: Foul Ball, location: 2F 2-1: Called Strike 2-2: Foul Ball, location: 2F 2-2: Ball 3-2: Fly out, F8 (Line Drive, 8LD, EV 106.9 MPH)
|
Batting: LHB Reggie West
|
0-0: Ball 1-0: Foul Ball, location: 2F 1-1: Foul Ball, location: 2F 1-2: Ball 2-2: Fly out, F8 (Flyball, 8RS, EV 97.5 MPH)
|
Bottom of the 8th over - 0 runs, 0 hits, 0 errors, 0 left on base; Pompano Beach 1 - Tampa 5 |
TOP OF THE 9TH |
Pompano Beach Stingrays batting - Pitching for Tampa Pirates : RHP Derek Botelho
|
Batting: RHB Jorge Villalobos
|
0-0: Swinging Strike 0-1: Ground out 6-3 (Groundball, 6, EV 100.0 MPH)
|
Batting: SHB Gene Roof
|
0-0: Ball 1-0: Fly out, F7 (Flyball, 78D, EV 80.6 MPH)
|
Batting: RHB Lance Junker
|
0-0: Ball 1-0: Fly out, F9 (Flyball, 89S, EV 87.5 MPH)
|
Top of the 9th over - 0 runs, 0 hits, 0 errors, 0 left on base; Pompano Beach 1 - Tampa 5 |
|